AoeStats
← micahbrim

MegaRandom

504358092Analyzed
1v1 RM · 28d ago on Sep 5, 2026· 28m 35s· 2 players
Game mode
Random Map
Map size
Tiny (2 player)
Population
200
Speed
Normal
Resources
Standard
Victory
Conquest
Starting age
Dark Age
Ending age
Imperial Age
RankedLock teamsTeams togetherTeam positionsShared explorationLock speedFull tech treeHidden civsTurbo modeCheats
Victory
Defeat
🇨🇦 Japanese · Canada
876
+13
🇦🇺 Chinese · Australia
813
-35
micahbrim
6:32 Loom
13:10 Feudal Age
17:31 Castle Age
15:35 Double-Bit Axe
19:29 Husbandry
23:38 Town Watch
25:25 Bow Saw
27:17 Wheelbarrow
Hogzilla
0:43 Loom
11:09 Feudal Age
12:38 Wheelbarrow
11:29 Man-at-Arms
12:35 Double-Bit Axe
14:18 Horse Collar
15:26 Scale Mail Armor
16:57 Arson
19:21 Forging
20:35 Fletching
22:37 Town Watch
25:22 Castle Age
23:58 Padded Archer Armor
24:10 Gold Mining
25:37 Pikeman
26:18 Squires
26:38 Chain Mail Armor
26:59 Iron Casting
27:04 Bow Saw
26:57 Heavy Plow
27:19 Hand Cart
27:47 Town Patrol
Connection lost

Rejoining the realm…

Still unreachable

The connection could not be restored.

Session expired

The server has moved on; the page needs a fresh start.